 Dungeon Crawl Stone Soup version 0.26.0-10-g1f06aea511 (webtiles) character file.

Game seed: 3171653960575573125

44 Borgoz the Slasher (level 3, -8/30 HPs)
             Began as a Ghoul Gladiator on Jan 15, 2021.
             Mangled by Sigmund
             ... wielding a +3 scythe of distortion
              (18 damage)
             ... on level 2 of the Dungeon.
             The game lasted 00:02:00 (1340 turns).

Borgoz the Slasher (Ghoul Gladiator)                Turns: 1340, Time: 00:02:01

Health: -8/30      AC:  6    Str: 17    XL:     3   Next: 62%
Magic:  2/2        EV: 11    Int:  3    God:
Gold:   34         SH:  0    Dex:  7    Spells: 2/2 levels left

rFire    . . .     SeeInvis .   a - +0 long sword
rCold    + . .     Faith    .   (no shield)
rNeg     + + +     Spirit   .   e - +0 ring mail
rPois    ∞         Reflect  .   c - +0 helmet
rElec    .         Harm     .   (no cloak)
rCorr    .         Rampage  .   (no gloves)
Will     .....                  (no boots)
Stlth    ..........             (no amulet)
HPRegen  0.00/turn              (no ring)
MPRegen  0.08/turn              k - -4 ring of dexterity (curse)

@: no status effects
A: claws 1, cold resistance 1, negative energy resistance 3, inhibited
regeneration, torment resistance, unbreathing
a: no special abilities


You were on level 2 of the Dungeon.
You visited 1 branch of the dungeon, and saw 2 of its levels.

You collected 34 gold pieces.

Inventory:

Hand Weapons
 a - a +0 long sword (weapon)
Missiles
 d - 3 throwing nets (quivered)
Armour
 c - a +0 helmet (worn)
 e - a +0 ring mail (worn)
Jewellery
 k - a cursed -4 ring of dexterity (right claw)
Scrolls
 b - 7 scrolls of identify {unknown}
 j - a scroll of amnesia {unknown}
Potions
 f - 2 potions of might {unknown}
 g - a potion of berserk rage {unknown}
 h - a potion of mutation {unknown}
 i - a potion of flight {unknown}
 l - 2 potions of ambrosia {unknown}


   Skills:
 + Level 2.8 Fighting
 + Level 3.1 Long Blades
 - Level 1.7 Throwing
 + Level 1.1 Armour
 + Level 3.1 Dodging


You had 2 spell levels left.
You didn't know any spells.
Your spell library was empty.

Dungeon Overview and Level Annotations

Branches:
Dungeon (2/15)

Altars:

Annotations:
D:2 Sigmund


Innate Abilities, Weirdness & Mutations

You thrive by killing the living.
You are immune to poison.
You have sharp fingernails.
Your flesh is cold resistant. (rC+)
You are immune to negative energy. (rN+++)
You do not regenerate when monsters are visible.
You are immune to unholy pain and torment.
You can survive without breathing.


Message History

You kill the orc!
You feel better.
You slash the orc!
You kill the orc!
The orc hits you but does no damage.
Items here: ) [ ††.
You closely miss the orc. The orc hits you but does no damage.
Something hits you. Space warps horribly around you!
The orc hits you with a +0 dagger.
You are too injured to fight recklessly!
You are too injured to fight recklessly!
You are too injured to fight recklessly!
You are too injured to fight recklessly!
You are too injured to fight recklessly!
You are too injured to fight recklessly!
You are too injured to fight recklessly!
You hit the orc but do no damage. Something hits you.
Space warps horribly around you!!
Ouch! That really hurt!
You die...

.. #.###.# ......
#...#.# .....
#...#.# # ....
#####...#.# #. ...
#......<#.# .##..
.#.####)##.# .{.
.#.####.(..# # #o#
.........(##.# #@#
.............# #)#
..........######!#
.................#
...........#######
...........#
....^......#######.#
......[............#
..........##########


You could see an orc.

Vanquished Creatures
  A gnoll (D:1)
  A worm (D:2)
  2 leopard geckos (D:1)
  4 orcs (D:2)
  A giant cockroach (D:1)
  A goblin (D:1)
  6 hobgoblins
  3 jackals (D:1)
  2 kobolds
  A bat (D:1)
22 creatures vanquished.

Notes
Turn   | Place    | Note
-------+----------+-------------------------------------------
     0 | D:1      | Borgoz the Ghoul Gladiator began the quest for the Orb.
     0 | D:1      | Reached XP level 1. HP: 17/17 MP: 0/0
   242 | D:1      | Reached XP level 2. HP: 25/25 MP: 1/1
   585 | D:1      | Reached XP level 3. HP: 18/30 MP: 2/2
   586 | D:1      | Reached skill level 1 in Armour
  1334 | D:2      | Noticed Sigmund
  1340 | D:2      | Mangled by Sigmund

Illustrated notes

Levels and vault maps discovered:
D:1:      dpeg_arrival_arbitrary_c, layout_basic, serial_glass, glass_columns_b,
          glass_columns_c, glass_columns_a, grunt_decor_cap,
          kennysheep_crisscross
D:2:      layout_basic, led_sif_pool, chequers_ecumenical_altar_lobes,
          uniq_jessica, uniq_sigmund

Skill      XL: |  1  2  3 |
---------------+----------+-----
Long Blades    | 3 |  3.1
Dodging        | 3 |  3.1
Armour         | 1 |  1.1
Fighting       | |  2.8
Throwing       | |  1.7

Action                   || total
-------------------------++-------
Melee: Long sword        ||    87
Armor: Ring mail         ||    31
       Leather armour    ||     2
Dodge: Dodged            ||    55
       Rpst.: Long sword ||    24
